 Dungeon Sprint DCSS version 0.28-a0-769-g550dbda0cd (webtiles) character file.

Game seed: 10898827081687452750

12156 mhtbhm the Tortoise (level 11, -2/80 HPs)
             Began as a Gargoyle Fighter on Oct 31, 2021.
             Was a High Priest of Okawaru.
             Killed by divine providence
             ... invoked by an orc high priest
              (16 damage)
             ... in the Dungeon (Sprint IX: "|||||||||||||||||||||||||||||").
             The game lasted 00:06:28 (4020 turns).

mhtbhm the Tortoise (Gargoyle Fighter)              Turns: 4020, Time: 00:06:28

Health: -2/80      AC: 33    Str: 24    XL:     11   Next: 89%
Magic:  16/19      EV: 13    Int:  8    God:    Okawaru [*****.]
Gold:   1272       SH:  8    Dex: 12    Spells: 10/10 levels left

rFire   . . .      SeeInvis .   a - +0 flail
rCold   . . .      Faith    .   c - +0 buckler
rNeg    + . .      Spirit   .   b - +0 plate armour
rPois   ∞          Reflect  .   u - +0 helmet
rElec   +          Harm     .   (no cloak)
rCorr   .          Rampage  .   m - +0 pair of gloves
Will    .....      NoTele   +   n - +0 pair of boots
Stlth   ..........              (no amulet)
HPRegen 0.23/turn               o - +2 ring of evasion
MPRegen 0.16/turn               p - +3 ring of dexterity

@: mighty, heroic, on berserk cooldown, slowed, very slow
A: sickness immunity, AC +8, negative energy resistance 1, electricity
resistance, torment resistance 1, petrification resistance
a: Renounce Religion, Heroism, Finesse


You were in the Dungeon.
You worshipped Okawaru.
Okawaru was extremely pleased with you.
You visited 1 branch You collected 1272 gold pieces.

Inventory:

Hand Weapons
 a - a +0 flail (weapon)
Armour
 b - a +0 plate armour (worn)
 c - a +0 buckler (worn)
 m - a +0 pair of gloves (worn)
 n - a +0 pair of boots (worn)
 u - a +0 helmet (worn)
Jewellery
 o - a +2 ring of evasion (left hand)
 p - a +3 ring of dexterity (right hand)
Wands
 l - a wand of iceblast (1)
Scrolls
 k - 3 scrolls of amnesia
 q - 4 scrolls of enchant armour
 r - 2 scrolls of enchant weapon
 s - a scroll of fog
 t - a scroll of fear
Potions
 d - a potion of berserk rage
 f - a potion of brilliance
 g - a potion of haste
 h - 4 potions of magic


   Skills:
 + Level 14.0(19.0) Fighting
 + Level 15.5(20.5) Maces & Flails
 + Level 15.6(20.6) Armour
 + Level 3.0(8.0) Dodging
 - Level 2.5(7.5) Stealth
 + Level 13.2(18.2) Shields
 * Level 11.9 Invocations
 + Level 3.1 Evocations


You had 10 spell levels left.
You didn't know any spells.
Your spell library contained the following spells:

 Spells                   Type           Power      Damage    Failure   Level
 Passage of Golubria      Tloc           0%         N/A       100%        4
 Silence                  Hex/Air        0%         N/A       100%        5
 Lehudib's Crystal Spear  Conj/Erth      0%         10d2      100%        8


Dungeon Overview and Level Annotations

Branches:
Dungeon (1/1)

Altars:
Cheibriados
Dithmenos
Elyvilon
Fedhas
Gozag
Hepliaklqana
Kikubaaqudgha
Makhleb
Nemelex Xobeh
Okawaru
Qazlal
Ru
Sif Muna
Trog
Uskayaw
Vehumet
Wu Jian
Xom
Yredelemnul
Zin
The Shining One
Beogh
Jiyva
Lugonu

Shops:
D =


Innate Abilities, Weirdness & Mutations

You are immune to sickness and miasma.
Your stone body is resilient. (AC +8)
You are immune to poison.
You resist negative energy. (rN+)
You are resistant to electric shocks. (rElec)
You are resistant to unholy torment.
You are immune to petrification.


Message History

The chaos spawn gores you but does no damage.
The hellwing hits you but does no damage. x2
The orc high priest mumbles some strange prayers.
The chaos spawn barely misses you.
Unknown command.
You feel better. The hellwing barely misses you.
You block the hellwing's attack.
The orc high priest mumbles some strange prayers to Beogh.
The orc high priest mumbles some strange prayers to Beogh against you.
Beogh smites you!
* * * LOW HITPOINT WARNING * * *
The chaos spawn misses you.
The hellwing hits you but does no damage.
The hellwing closely misses you.
You barely miss the hellwing. You block the chaos spawn's attack.
The orc high priest utters an invocation to Beogh.
The hellwing hits you but does no damage. x2
You bludgeon the hellwing!!
The hellwing is moderately wounded.
The chaos spawn gores you!
* * * LOW HITPOINT WARNING * * *
You feel your power leaking away. The hellwing barely misses you.
You block the hellwing's attack.
The orc high priest mumbles some strange prayers to Beogh against you.
Beogh smites you!
* * * LOW HITPOINT WARNING * * *
The orc high priest prays to Beogh.
Okay, then.
You feel better.
The sixfirhy disappears in a puff of smoke!
You block the chaos spawn's attack.
The hellwing hits you but does no damage.
You block the hellwing's attack. The chaos spawn closely misses you.
The hellwing hits you but does no damage.
The hellwing misses you.
You bludgeon the hellwing!!
The hellwing is severely wounded.
The orc high priest invokes the aid of Beogh against you.
Beogh smites you!
You die...

▓▓▓▓▓▓▓▓▓▓▓▓▓▓▓▓▓▓▓▓▓▓▓▓
...))).........4@4ooo4∩.
▓▓▓▓▓▓▓▓▓▓▓▓▓▓▓▓▓▓▓▓▓▓▓▓▓▓▓▓▓▓▓▓▓
.....)...).......................
▓▓▓▓▓▓▓▓▓▓▓▓▓▓▓▓▓▓▓▓▓▓▓▓▓▓▓▓▓▓▓▓▓
......)'...))....'........(..('..
▓▓▓▓▓▓▓▓▓▓▓▓▓▓▓▓▓▓▓▓▓▓▓▓▓▓▓▓▓▓▓▓▓
.................................
▓▓▓▓▓▓▓▓▓▓▓▓▓▓▓▓▓▓▓▓▓▓▓▓▓▓▓▓▓▓▓▓▓
_________________'..)..[..)')....


You could see 3 orc high priests, a hellwing (summoned) and 2 chaos spawn.

Vanquished Creatures
  A hydra (D)
  A centaur warrior (D)
  A two-headed ogre (D)
  5 death yaks (D)
  2 orc high priests (D)
  An orc knight (D)
  2 orc sorcerers (D)
  4 cane toads (D)
  An unseen horror (D)
  A rime drake (D)
  2 komodo dragons (D)
  A tengu conjurer (D)
  A polar bear (D)
  A dream sheep (D)
  A wraith (D)
  5 yaks (D)
  A water moccasin (D)
  8 orc warriors (D)
  An ogre (D)
  A wolf (D)
  2 centaurs (D)
  A phantom (D)
  3 bullfrogs (D)
  5 orc priests (D)
  An iguana (D)
  4 orc wizards (D)
  A hell rat (D)
  An adder zombie (D)
  A dart slug (D)
  8 orcs (D)
  A bat (D)
  An endoplasm (D)
  2 hobgoblins (D)
  A quokka (D)
  A jackal zombie (D)
74 creatures vanquished.

Vanquished Creatures (others)
  A vampire (D)
  A killer bee (D)
2 creatures vanquished.

Grand Total: 76 creatures vanquished

Notes
Turn   | Place    | Note
-------+----------+-------------------------------------------
     0 | D        | mhtbhm the Gargoyle Fighter began the quest for the Orb.
     0 | D        | Reached XP level 1. HP: 14/14 MP: 1/1
    21 | D        | Reached XP level 2. HP: 14/20 MP: 2/2
   115 | D        | Noticed an ogre
   115 | D        | Noticed a phantom
   123 | D        | Killed an ogre
   124 | D        | Reached skill level 5 in Fighting
   124 | D        | Reached XP level 3. HP: 27/27 MP: 3/3
   124 | D        | Reached XP level 4. HP: 32/32 MP: 4/4
   137 | D        | Killed a phantom
   138 | D        | Reached XP level 5. HP: 29/37 MP: 5/5
   143 | D        | Reached skill level 5 in Maces & Flails
   157 | D        | Found a snail-covered altar of Cheibriados.
   157 | D        | Found a shadowy altar of Dithmenos.
   157 | D        | Found a white marble altar of Elyvilon.
   157 | D        | Found a blossoming altar of Fedhas.
   157 | D        | Found an opulent altar of Gozag.
   158 | D        | Found a hazy altar of Hepliaklqana.
   159 | D        | Found a viscous altar of Jiyva.
   160 | D        | Found an ancient bone altar of Kikubaaqudgha.
   161 | D        | Found a corrupted altar of Lugonu.
   162 | D        | Found a burning altar of Makhleb.
   163 | D        | Found a sparkling altar of Nemelex Xobeh.
   164 | D        | Found an iron altar of Okawaru.
   165 | D        | Found a stormy altar of Qazlal.
   166 | D        | Found a sacrificial altar of Ru.
   167 | D        | Found a shimmering blue altar of Sif Muna.
   168 | D        | Found a bloodstained altar of Trog.
   169 | D        | Found a hide-covered altar of Uskayaw.
   170 | D        | Found a radiant altar of Vehumet.
   171 | D        | Found an ornate altar of the Wu Jian Council.
   172 | D        | Became a worshipper of Warmaster Okawaru
   173 | D        | Found a shimmering altar of Xom.
   174 | D        | Found a basalt altar of Yredelemnul.
   175 | D        | Found a glowing silver altar of Zin.
   176 | D        | Found a glowing golden altar of the Shining One.
   255 | D        | Noticed a two-headed ogre
   255 | D        | Noticed a centaur
   255 | D        | Noticed a centaur
   279 | D        | HP: 1/38 [something (5)]
   282 | D        | Killed an unseen horror
   283 | D        | Reached XP level 6. HP: 2/45 MP: 6/6
   283 | D        | Reached XP level 7. HP: 2/50 MP: 7/7
   287 | D        | Killed a two-headed ogre
   287 | D        | Reached * piety under Okawaru
   288 | D        | Reached skill level 10 in Armour
   288 | D        | Reached skill level 1 in Dodging
   288 | D        | Reached XP level 8. HP: 19/57 MP: 8/8
   292 | D        | Reached ** piety under Okawaru
   311 | D        | Noticed a wraith
   311 | D        | Noticed a vampire
   311 | D        | Noticed a centaur warrior
   311 | D        | Noticed a tengu conjurer
   337 | D        | Killed a wraith
   338 | D        | Reached skill level 10 in Fighting
   338 | D        | Reached skill level 1 in Invocations
   338 | D        | Killed a vampire
   356 | D        | Killed a tengu conjurer
   357 | D        | Reached skill level 10 in Maces & Flails
   363 | D        | Killed a centaur warrior
   363 | D        | Reached *** piety under Okawaru
   364 | D        | Reached skill level 10 in Shields
   364 | D        | Reached skill level 5 in Invocations
   364 | D        | Reached XP level 9. HP: 25/63 MP: 9/12
   664 | D        | Noticed a cane toad
   664 | D        | Noticed a cane toad
   664 | D        | Noticed a four-headed hydra
   692 | D        | Killed a four-headed hydra
   692 | D        | Reached **** piety under Okawaru
   693 | D        | Reached skill level 1 in Evocations
   935 | D        | Killed a cane toad
   940 | D        | Killed a cane toad
   940 | D        | Reached ***** piety under Okawaru
   941 | D        | Reached XP level 10. HP: 27/70 MP: 13/15
  1512 | D        | Noticed a cane toad
  1512 | D        | Noticed a cane toad
  1518 | D        | Killed a cane toad
  1527 | D        | Received a gift from Okawaru
  1552 | D        | Killed a cane toad
  1780 | D        | Noticed a death yak
  1780 | D        | Noticed a death yak
  1780 | D        | Noticed a death yak
  1780 | D        | Noticed a death yak
  1788 | D        | Noticed a death yak
  1798 | D        | Killed a death yak
  1821 | D        | Killed a death yak
  1822 | D        | Reached XP level 11. HP: 25/76 MP: 18/18
  2298 | D        | Killed a death yak
  2299 | D        | Reached skill level 10 in Invocations
  2311 | D        | Killed a death yak
  2311 | D        | Received a gift from Okawaru
  2322 | D        | Killed a death yak
  2955 | D        | Noticed an orc sorcerer
  2961 | D        | Noticed an orc knight
  2975 | D        | Noticed a sun demon
  2986 | D        | Noticed an orc sorcerer
  2988 | D        | Noticed a sun demon
  3271 | D        | Killed an orc knight
  3272 | D        | Reached skill level 15 in Maces & Flails
  3272 | D        | Reached skill level 15 in Armour
  3361 | D        | Killed an orc sorcerer
  3717 | D        | Killed an orc sorcerer
  3961 | D        | Found Rayxkynu's Jewellery Emporium.
  3961 | D        | Noticed an orc high priest
  3961 | D        | Noticed an orc high priest
  3961 | D        | Noticed an orc high priest
  3961 | D        | Noticed an orc high priest
  3971 | D        | Killed an orc high priest
  3971 | D        | Received a gift from Okawaru
  3972 | D        | Noticed an orc high priest
  3981 | D        | Killed an orc high priest
  3982 | D        | Noticed a soul eater
  4000 | D        | Noticed a sixfirhy
  4018 | D        | HP: 3/80 [orc high priest/divine providence (10)]
  4020 | D        | Killed from afar by an orc high priest

Illustrated notes

Levels and vault maps discovered:
D:        linesprint [early_d, line_temple, items_1, d_10, items_2, lair_1,
          lair_end, items_3, orc_1, orc_end, items_4, d_15, swamp_1, shoals_1,
          snake_1, spider_1, d_20, vaults_1, items_5, swamp_end, shoals_end,
          snake_end, spider_end, vaults_end, d_27, items_6, zot_1, zot_end,
          crypt_end, forest_end, elf_end, slime_end, tomb_end, abyss_end,
          pan_hell_end]

Skill      XL: |  1  2  3  4  5  6  7  8  9 10 11 |
---------------+----------------------------------+-----
Armour         | 4 6 7 9 10 11 12 14 15 | 15.6
Shields        | 4 6 8 9 10 11 12 13 | 13.2
Fighting       | 5 6 8 9 10 11 12 14 | 14.0
Maces & Flails | 3 4 7 9 11 12 14 15 | 15.5
Dodging        | 1 2 3 |  3.0
Stealth        | 2 |  2.5
Invocations    | 5 7 9 11 | 11.9
Evocations     | 2 3 |  3.1

Action                   |  1- 3 |  4- 6 |  7- 9 | 10-12 || total
-------------------------+-------+-------+-------+-------++-------
Melee: Flail             |    23 |    52 |    91 |   422 ||   588
Invok: Heroism           |       |       |       |     3 ||     3
       Finesse           |       |       |       |     2 ||     2
Evoke: Wand              |       |       |     8 |     1 ||     9
  Use: Potion            |     1 |     2 |     5 |     7 ||    15
       Scroll            |       |       |       |     2 ||     2
 Stab: Invisible         |       |       |     1 |       ||     1
Armor: Scale mail        |     8 |     9 |       |       ||    17
       Plate armour      |       |    40 |    53 |   139 ||   232
Dodge: Dodged            |    12 |    15 |    38 |   119 ||   184
Block: Buckler           |     5 |     9 |    31 |    91 ||   136

Table legend: (Time is in decaauts)
 A = Elapsed time spent in this place.
 B = Non-inter-level travel time spent in this place.
 C = Inter-level travel time spent in this place.
 D = Time resting spent in this place.
 E = Time spent auto-exploring this place.
 F = Levels seen in this place.
 G = Mean time per level.
                   A        B        C        D        E       F      G
               +--------+--------+--------+--------+--------+-----+--------+
         Total |   3868 |   3868 |      0 |   1711 |    995 |   1 | 3868.0 |
       Dungeon |   3868 |   3868 |      0 |   1711 |    995 |   1 | 3868.0 |
               +--------+--------+--------+--------+--------+-----+--------+

Top non-repeatable levels by time:
       D: 3868 daAuts
